 Dungeon Crawl Stone Soup version 0.18.1-5-g4a78601 (webtiles) character file.

821 namelastname112 the Sneak (level 7, -7/59 HPs)
             Began as a Grey Draconian Assassin on May 11, 2016.
             Mangled by an orc warrior
             ... wielding a +0 battleaxe
              (21 damage)
             ... on level 4 of the Dungeon.
             The game lasted 00:04:52 (4195 turns).

namelastname112 the Sneak (Grey Draconian Assassin) Turns: 4195, Time: 00:04:53

Health: -7/59      AC: 12    Str: 13    XL:     7   Next: 63%
Magic:  7/7        EV: 15    Int: 12    God:
Gold:   161        SH:  0    Dex: 14    Spells: 0 memorised, 6 levels left

rFire  . . .     SeeInvis .     a - +2 dagger
rCold  . . .     Gourm    .     (armour unavailable)
rNeg   . . .     Faith    .     (no shield)
rPois  .         Spirit   .     (helmet restricted)
rElec  .         Dismiss  .     c - +0 cloak
rCorr  .         Reflect  .     (no gloves)
SustAt .         Harm     .     (no boots)
MR     .....                    (no amulet)
Stlth  +++.......               (no ring)
                                p - +2 ring of evasion

@: very slightly contaminated, invisible, not resistant to hostile enchantments,
fairly stealthy
A: walk through water, unfitting armour, unbreathing, cold-blooded, AC +11
a: no special abilities


You were on level 4 of the Dungeon.
You were not hungry.

You visited 1 branch of the dungeon, and saw 4 of its levels.
You also visited: Sewer.

You collected 161 gold pieces.

Inventory:

Hand Weapons
 a - a +2 dagger (weapon)
 b - a +0 blowgun
Missiles
 d - 4 poisoned needles
 e - 9 curare-tipped needles
 l - a throwing net (quivered)
Armour
 c - a +0 cloak (worn)
Jewellery
 p - a +2 ring of evasion (left hand)
Scrolls
 g - 6 scrolls of teleportation {unknown}
 i - 2 scrolls of remove curse {unknown}
 j - 2 scrolls of immolation {unknown}
 k - 2 scrolls of random uselessness {unknown}
 m - 4 scrolls of blinking {unknown}
 o - 2 scrolls of identify {unknown}
 s - a scroll of enchant armour {unknown}
 u - a scroll of magic mapping {unknown}
 x - a scroll of fear {unknown}
Potions
 n - a potion of haste {unknown}
 q - a potion of invisibility
 r - a potion of lignification {unknown}
 v - a potion of heal wounds {unknown}
 w - a potion of magic {unknown}
Comestibles
 f - 2 bread rations
 h - a beef jerky
 t - 4 meat rations
 z - a chunk of flesh
 A - 3 fruits


   Skills:
 + Level 4.1 Fighting
 * Level 5.1 Short Blades
 + Level 3.5 Throwing
 + Level 2.6 Dodging
 * Level 5.7 Stealth


You had 6 spell levels left.
You didn't know any spells.

Dungeon Overview and Level Annotations

Branches:
Dungeon (4/15)
 Temple: D:4-7

Altars:
Elyvilon
Xom


Innate Abilities, Weirdness & Mutations

You can walk through water.
Your dull iron-grey scales are very hard (AC +11).
Your body does not fit into most forms of armour.
You can survive without breathing.
You are cold-blooded and may be slowed by cold attacks.


Message History

You tail-slap the orc warrior, but do no damage.
The orc warrior is moderately wounded.
The jackal closely misses you.
You closely miss the orc warrior.
The orc warrior is moderately wounded.
The orc warrior misses you. The jackal misses you.
You hit the orc warrior.
The orc warrior is heavily wounded.
The orc warrior hits you with a battleaxe!!
* * * LOW HITPOINT WARNING * * *
You take 19 damage, and have 14/59 hp.
MASSIVE DAMAGE!!
You are too injured to fight recklessly!
You hit the orc warrior.
The orc warrior is heavily wounded.
The jackal misses you.
You hit the orc warrior but do no damage.
You tail-slap the orc warrior, but do no damage.
The orc warrior is heavily wounded.
The orc warrior hits you with a battleaxe!!
You die...

#..# #..# #.
#..####..###....
#...............
#.#.##.)###..##
# #..# # #. #(o#
.#
###.#.##o.###.#?
.......[@h......
###........[..##
###.##†######
#.##.####
#.......####
#.####.....# #
#.###.# #.# .#
#.###.#


You could see an orc warrior, an orc wizard and a jackal.

Vanquished Creatures
  3 phantoms
  2 big kobolds (Sewer)
  4 orc priests
  Crazy Yiuf (D:2)
  Ijyb (D:3)
  3 worker ants (D:4)
  6 adders
  A river rat (Sewer)
  3 oozes
  2 worms
  A dart slug (D:1)
  5 giant geckos
  6 orcs
  3 giant cockroaches
  3 goblins
  7 hobgoblins
  9 jackals
  9 kobolds
  2 quokkas
  6 ball pythons
  A ball python skeleton (D:4)
  5 bats
  3 giant newts
  5 rats
91 creatures vanquished.

Vanquished Creatures (others)
  An orc (D:4)
1 creature vanquished.

Grand Total: 92 creatures vanquished

Notes
Turn   | Place    | Note
--------------------------------------------------------------
     0 | D:1      | namelastname112 the Draconian Assassin began the quest for the Orb.
     0 | D:1      | Reached XP level 1. HP: 17/17 MP: 1/1
   119 | D:1      | Reached skill level 1 in Dodging
   262 | D:1      | Reached XP level 2. HP: 20/25 MP: 2/2
   861 | D:2      | Reached XP level 3. HP: 30/30 MP: 3/3
  1035 | D:2      | Found a white marble altar of Elyvilon.
  1162 | D:2      | Found a shimmering altar of Xom.
  1280 | D:2      | Noticed Crazy Yiuf
  1303 | D:2      | Killed Crazy Yiuf
  1303 | D:2      | Reached XP level 4. HP: 37/37 MP: 4/4
  1587 | D:3      | Noticed Ijyb
  1601 | D:3      | Killed Ijyb
  1853 | D:3      | Found a glowing drain.
  1923 | Sewer    | Entered a sewer
  1949 | Sewer    | Reached XP level 5. HP: 19/44 MP: 5/5
  2753 | Sewer    | Reached XP level 6. HP: 21/51 MP: 6/6
  3143 | D:3      | Reached skill level 5 in Stealth
  3492 | D:3      | Your scales start taking on a dull iron-grey colour.
  3492 | D:3      | Reached XP level 7. HP: 40/58 MP: 7/7
  3492 | D:3      | Gained mutation: You can survive without breathing. [Grey Draconian growth]
  4146 | D:4      | Reached skill level 5 in Short Blades
  4194 | D:4      | oplop: гм
  4195 | D:4      | Mangled by an orc warrior

Skill      XL: |  1  2  3  4  5  6  7 |
---------------+----------------------+-----
Dodging        | 1 2 |  2.6
Short Blades   | 3 4 5 |  5.1
Throwing       | 2 3 |  3.5
Stealth        | 4 5 |  5.7
Fighting       | 3 4 |  4.1

Action                   |  1- 3 |  4- 6 |  7- 9 || total
-------------------------+-------+-------+-------++-------
Melee: Dagger            |   106 |   323 |   150 ||   579
       Tailslap          |     9 |    29 |    22 ||    60
 Fire: Blowgun           |     4 |     5 |    12 ||    21
  Use: Potion            |       |       |     1 ||     1
 Stab: Sleeping          |     8 |       |     1 ||     9
       Distracted        |     1 |       |     1 ||     2
       Invisible         |       |       |     1 ||     1
  Eat: Chunk             |     1 |     5 |     4 ||    10
       Pizza             |       |     1 |       ||     1
Armor: Skin              |    49 |    75 |    32 ||   156
Dodge: Dodged            |   110 |   185 |    93 ||   388
